 Dungeon Crawl Stone Soup version 0.21-a0-156-g77413b7 (webtiles) character file.

19923 namelastname112 the Carver (level 12, -1/112 HPs)
             Began as a Pale Draconian Wanderer on Aug 3, 2017.
             Was a Priest of Ashenzari.
             Slain by a six-headed hydra (2 damage)
             ... on level 3 of the Lair of Beasts.
             The game lasted 00:21:59 (13461 turns).

namelastname112 the Carver (DrWn)                  Turns: 13461, Time: 00:22:00

Health: -1/112     AC:  9    Str: 18    XL:     12   Next: 40%
Magic:  0/12       EV: 22    Int: 13    God:    Ashenzari [***...]
Gold:   583        SH:  0    Dex: 26    Spells: 11/11 levels left

rFire    . . .     SeeInvis +   y - +9 scimitar "Wemugreg" {slice, *Contam rPois Dex+8} (curse)
rCold    . . .     Gourm    .   (no shield)
rNeg     . . .     Faith    .   (armour unavailable)
rPois    +         Spirit   +   (helmet restricted)
rElec    .         Reflect  .   u - +0 cloak
rCorr    .         Harm     .   (no gloves)
MR       ++...                  (no boots)
Stlth    ++........             r - amulet of guardian spirit
HPRegen  0.28/turn              o - +4 ring of strength
MPRegen  0.13/turn              t - ring of protection from magic

@: short of breath
A: breathe steam, unfitting armour, agile 1, magic resistance 1, cold-blooded,
AC +8
a: Breathe Steam, Curse Item, Scrying, Renounce Religion


You were on level 3 of the Lair of Beasts.
You worshipped Ashenzari.
Ashenzari was most pleased with you.
You were not hungry.

You visited 2 branches of the dungeon, and saw 14 of its levels.
You also visited: Sewer.

You collected 923 gold pieces.
You spent 340 gold pieces at shops.

Inventory:

Hand Weapons
 y - the cursed +9 scimitar "Wemugreg" (weapon) {slice, *Contam rPois Dex+8}
   (You bought it in a shop on level 5 of the Dungeon)

   It inflicts extra damage upon your enemies.
   It affects your dexterity (+8).
   It protects you from poison.
   It causes magical contamination when unequipped.
   It has a curse placed upon it.
 B - a +1 vampiric lajatang
Missiles
 F - 5 throwing nets (quivered)
Armour
 q - a +0 buckler
 u - a +0 cloak (worn)
Jewellery
 a - a +4 ring of intelligence
 o - a +4 ring of strength (left hand)
 r - an amulet of guardian spirit (around neck)
 t - a ring of protection from magic (right hand)
Wands
 m - a wand of acid (7/15)
 v - a wand of lightning (0/15)
 C - a wand of random effects (24/48)
 D - a wand of iceblast (0/15)
 L - a wand of iceblast (6/15)
 M - a wand of lightning (9/15)
 N - a wand of flame (19/48)
 S - a wand of paralysis (16/24)
Scrolls
 d - 5 scrolls of identify
 e - 4 scrolls of magic mapping
 g - 4 scrolls of enchant weapon
 h - 8 scrolls of teleportation
 j - 5 scrolls of remove curse
 l - 2 scrolls of blinking
 x - 3 scrolls of fear
 E - a scroll of fog
 G - 2 scrolls of recharging
 J - a scroll of enchant armour
Potions
 b - 2 potions of haste
 i - 2 potions of brilliance
 k - 6 potions of flight
 n - 5 potions of might
 s - 5 potions of curing
 z - 3 potions of agility
 A - 2 potions of heal wounds
 H - a potion of mutation
 I - a potion of berserk rage
 K - a potion of ambrosia
 O - 2 potions of degeneration {unknown}
Books
 P - a book of Callings

   Spells                             Type                      Level
   a - Summon Small Mammal            Summoning                    1
   b - Call Imp                       Summoning                    2
   c - Call Canine Familiar           Summoning                    3
   d - Summon Guardian Golem          Hexes/Summoning              3
   e - Summon Lightning Spire         Summoning/Air                4
   f - Summon Ice Beast               Ice/Summoning                4
 R - the Papyrus of Freezing Clay
   (You found it on level 3 of the Lair of Beasts)

   Spells                             Type                      Level
   a - Ozocubu's Armour               Charms/Ice                   3
   b - Metabolic Englaciation         Hexes/Ice                    5
   c - Ozocubu's Refrigeration        Ice                          6
   d - Statue Form                    Transmutation/Earth          6
Comestibles
 c - 9 meat rations
 f - 4 bread rations
 p - 17 fruits
 w - 8 royal jellies
 Q - 3 chunks of flesh


   Skills:
 + Level 12.2 Fighting
 * Level 14.3(16.7) Long Blades
   Level 2.0 Axes
 + Level 9.5 Dodging
 - Level 1.0 Stealth
 - Level 1.1 Evocations


You had 11 spell levels left.
You didn't know any spells.

Dungeon Overview and Level Annotations

Branches:
Dungeon (11/15)            Temple (0/1) D:5            Lair (3/6) D:10
  Swamp (0/4) Lair:2        Snake (0/4) Lair:2          Orc (0/2) D:9

Altars:
Ashenzari
Cheibriados
Elyvilon
Nemelex Xobeh
Okawaru
Qazlal
Ru
Trog
Yredelemnul
The Shining One
Beogh

Shops:
D:5 [(:(   D:6 *


Innate Abilities, Weirdness & Mutations

You can breathe blasts of scalding, opaque steam.
Your pale cyan-grey scales are hard. (AC +8)
You cannot fit into any form of body armour.
You are cold-blooded and may be slowed by cold attacks.
You are agile. (Dex +2)
You are resistant to hostile enchantments. (MR+)


Message History

You hear a mighty clap of thunder!
The bolt of lightning misses the six-headed hydra.
Evoking this partially-identified wand wasted a few charges.
You hear an angry hiss.
The six-headed hydra closely misses you. x4
The six-headed hydra bites you!
* * * LOW HITPOINT WARNING * * *
The six-headed hydra bites you.
* * * LOW HITPOINT WARNING * * *
You take 16 damage, and have 7/112 hp.
You now have 2/12 mp.
Evoke which item? (* to show all) (? for menu, Esc to quit)
Aiming: Lightning Bolt (will waste charges)
Press: ? - help, Shift-Dir - straight line, f/p - six-headed hydra
Aim: a six-headed hydra (almost dead) Nothing appears to happen.
The six-headed hydra bites you!
* * * LOW HITPOINT WARNING * * *
The six-headed hydra barely misses you.
The six-headed hydra bites you but does no damage.
The six-headed hydra bites you.
You die...

...,, ##.## #..## ... ***
#P.### #...# #.* *
##.#####....# ##.### # ,
............# #..P# ..., *
#.P#...P#.### #..## ##.
*#...##....# ###...### #*,
, .........# #####.#..##.#
.#, **
##..#P..####......<..... P#
* *
*###...@D.†.........###. ##
***###.#.###..####....# #.
. ### ##.....# ####
#P....###. *
#.####......### ##.#......
##............# #.##.....
#* ##.##........#
##.P#...#. . #.........#.#
###......... #
#..####.###.####.........#.
# ##.##
#..##...............P.


You could see a six-headed hydra.

Vanquished Creatures
  A fire dragon (Lair:1)
  Harold (D:10)
  A hydra (Lair:2)
  2 two-headed ogres
  Maurice (D:9)
  Joseph (D:10)
  Psyche (D:8)
  4 spiny frogs
  A komodo dragon (Lair:3)
  A queen bee (D:10)
  2 trolls (D:10)
  3 hippogriffs
  10 blink frogs
  10 yaks
  2 hungry ghosts (D:10)
  3 basilisks
  Grum (D:11)
  Edmund (D:4)
  3 nagas (Lair:2)
  3 insubstantial wisps (Lair:2)
  7 water moccasins
  Purgy (Sewer)
  3 porcupines
  2 orc warriors
  An eye of draining (D:9)
  4 sky beasts
  3 ogres
  2 necrophages
  4 phantoms
  12 wolves
  7 centaurs
  4 crocodiles
  3 big kobolds
  Blork the orc (D:6)
  A gnoll sergeant (D:5)
  8 bullfrogs
  4 scorpions
  27 killer bees
  6 electric eels
  3 howler monkeys
  2 crimson imps
  2 quasits
  2 hounds
  2 jellies
  13 orc wizards
  A bullfrog skeleton (D:6)
  6 orc priests
  2 centaur skeletons
  An iguana (D:7)
  A worker ant (D:9)
  2 hound zombies
  9 gnolls
  7 adders
  A river rat (D:3)
  A shadow imp (D:10)
  An ooze (D:3)
  An adder skeleton (D:6)
  4 worms
  A dart slug (D:3)
  7 leopard geckos
  42 orcs
  3 ball pythons
  6 giant cockroaches
  4 goblins
  8 hobgoblins
  4 jackals
  22 kobolds
  5 quokkas
  7 bats
  4 frilled lizards
  A jackal zombie (D:5)
  A leopard gecko skeleton (D:7)
  7 rats
  A spectral orc (D:4)
336 creatures vanquished.

Vanquished Creatures (others)
  3 fungi
  4 plants
7 creatures vanquished.

Grand Total: 343 creatures vanquished

Notes
Turn   | Place    | Note
-------+----------+-------------------------------------------
     0 | D:1      | namelastname112 the Draconian Wanderer began the quest for the Orb.
     0 | D:1      | namelastname112 set off with: a +2 falchion, a +0 hand crossbow, 28 bolts, a +0 hand axe, a bread ration
     0 | D:1      | Reached XP level 1. HP: 23/23 MP: 1/1
   148 | D:1      | Reached XP level 2. HP: 27/29 MP: 2/2
   280 | D:1      | Reached skill level 1 in Dodging
   429 | D:1      | Reached skill level 2 in Long Blades
   825 | D:2      | Reached XP level 3. HP: 8/37 MP: 3/3
  1761 | D:2      | Reached skill level 3 in Long Blades
  1761 | D:2      | Reached XP level 4. HP: 44/44 MP: 4/4
  1826 | D:2      | Found a glowing golden altar of the Shining One.
  2437 | D:3      | Found a glowing drain.
  2441 | Sewer    | Entered a sewer
  2585 | Sewer    | Noticed Purgy
  2590 | Sewer    | Gained mutation: You tend to lose your temper in combat. [potion of mutation]
  2590 | Sewer    | Gained mutation: You do not regenerate when monsters are visible. [potion of mutation]
  2590 | Sewer    | Gained mutation: You are covered in fur. (AC +1) [potion of mutation]
  2590 | Sewer    | Gained mutation: Your large and strong wings let you fly indefinitely. [potion of mutation]
  2613 | Sewer    | Killed Purgy
  2613 | Sewer    | Reached skill level 4 in Long Blades
  2613 | Sewer    | Reached XP level 5. HP: 19/50 MP: 2/5
  2815 | D:3      | Lost mutation: You do not regenerate when monsters are visible. [potion of mutation]
  2815 | D:3      | Lost mutation: You tend to lose your temper in combat. [potion of mutation]
  2815 | D:3      | Lost mutation: Your large and strong wings let you fly indefinitely. [potion of mutation]
  2815 | D:3      | Lost mutation: You are covered in fur. (AC +1) [potion of mutation]
  2815 | D:3      | Gained mutation: Scrolls take you a little longer to read. [potion of mutation]
  2815 | D:3      | Gained mutation: You are clumsy. (Dex -2) [potion of mutation]
  2815 | D:3      | Gained mutation: You are resistant to hostile enchantments. (MR+) [potion of mutation]
  2815 | D:3      | Gained mutation: You have a pair of small antennae on your head. [potion of mutation]
  2816 | D:3      | Lost mutation: You are clumsy. (Dex -2) [potion of mutation]
  2816 | D:3      | Lost mutation: You have a pair of small antennae on your head. [potion of mutation]
  2816 | D:3      | Lost mutation: Scrolls take you a little longer to read. [potion of mutation]
  2816 | D:3      | Gained mutation: You are frail. (-10% HP) [potion of mutation]
  2816 | D:3      | Gained mutation: You are very frail. (-20% HP) [potion of mutation]
  2816 | D:3      | Gained mutation: You are dopey. (Int -2) [potion of mutation]
  2816 | D:3      | Gained mutation: Your tail ends in a poisonous barb. [potion of mutation]
  3744 | D:4      | Reached XP level 6. HP: 37/45 MP: 6/6
  3798 | D:4      | Found a shattered altar of Ashenzari.
  4184 | D:4      | Noticed Edmund
  4333 | D:4      | Found a basalt altar of Yredelemnul.
  4404 | D:4      | Reached skill level 5 in Long Blades
  4632 | D:5      | Entered Level 5 of the Dungeon
  4775 | D:5      | You fall through a shaft for 2 floors!
  4779 | D:7      | Your scales start taking on a pale cyan-grey colour.
  4779 | D:7      | Reached XP level 7. HP: 41/51 MP: 7/7
  4916 | D:7      | Found a white marble altar of Elyvilon.
  5188 | D:6      | Reached skill level 6 in Long Blades
  5202 | D:6      | Lost mutation: Your tail ends in a poisonous barb. [mutagenic meat]
  5356 | D:5      | p0werm0de: no drck??
  5359 | D:5      | Found Fod Cem's Antique Weapon Shoppe.
  5359 | D:5      | Found Mot Far's Weapon Shoppe.
  5363 | D:5      | Found Zequfo's Book Shoppe.
  5364 | D:5      | Found Dupoany's Antique Armour Shoppe.
  5367 | D:5      | p0werm0de: pussymode wandererr
  5367 | D:5      | namelastname112: ded
  5367 | D:5      | Bought a bone scimitar for 252 gold pieces
  5367 | D:5      | p0werm0de: with vamp battleaxe in store
  5367 | D:5      | Identified the +9 scimitar "Wemugreg" {slice, *Contam rPois Dex+8} (You bought it in a shop on level 5 of the Dungeon)
  5368 | D:5      | p0werm0de: lol
  5368 | D:5      | p0werm0de: ;D
  5368 | D:5      | p0werm0de: gj
  5368 | D:5      | namelastname112: ck is easier btw
  5372 | D:5      | namelastname112: elex lj
  5376 | D:5      | p0werm0de: for d1-3 ye
  5376 | D:5      | p0werm0de: ;D
  5453 | D:5      | Found a staircase to the Ecumenical Temple.
  5485 | D:5      | namelastname112: dang
  5629 | D:5      | Reached XP level 8. HP: 58/58 MP: 8/8
  5638 | D:5      | Reached skill level 7 in Long Blades
  6241 | D:4      | Became a worshipper of Ashenzari the Shackled
  6265 | D:4      | Killed Edmund
  6391 | D:6      | Found a sacrificial altar of Ru.
  6392 | D:6      | Noticed Blork the orc
  6398 | D:6      | Killed Blork the orc
  6456 | D:6      | Found Beytutirr's General Store.
  6459 | D:6      | Bought a potion of mutation for 88 gold pieces
  6459 | D:6      | Lost mutation: You are very frail. (-20% HP) [potion of mutation]
  6459 | D:6      | Lost mutation: You are dopey. (Int -2) [potion of mutation]
  6459 | D:6      | Lost mutation: You are frail. (-10% HP) [potion of mutation]
  6459 | D:6      | Lost mutation: You are resistant to hostile enchantments. (MR+) [potion of mutation]
  6459 | D:6      | Gained mutation: Your magical capacity is low. (-10% MP) [potion of mutation]
  6459 | D:6      | Gained mutation: Your mind is acute. (Int +2) [potion of mutation]
  6459 | D:6      | Gained mutation: You are weak. (Str -2) [potion of mutation]
  6459 | D:6      | Gained mutation: You have a pair of small horns on your head. [potion of mutation]
  6489 | D:6      | Reached skill level 8 in Long Blades
  6831 | D:6      | Found a sparkling altar of Nemelex Xobeh.
  6832 | D:6      | Found a shattered altar of Ashenzari.
  6980 | D:7      | Reached skill level 5 in Dodging
  7017 | D:7      | Reached XP level 9. HP: 64/81 MP: 8/8
  7321 | D:8      | Noticed Psyche
  7328 | D:8      | Killed Psyche
  7328 | D:8      | Reached skill level 9 in Long Blades
  7360 | D:8      | Reached * piety under Ashenzari
  7667 | D:8      | Found an iron altar of Okawaru.
  7777 | D:8      | Lost mutation: Your magical capacity is low. (-10% MP) [potion of mutation]
  7777 | D:8      | Lost mutation: You have a pair of small horns on your head. [potion of mutation]
  7777 | D:8      | Lost mutation: Your mind is acute. (Int +2) [potion of mutation]
  7777 | D:8      | Lost mutation: You are weak. (Str -2) [potion of mutation]
  7777 | D:8      | Gained mutation: You are agile. (Dex +2) [potion of mutation]
  7777 | D:8      | Gained mutation: You are resistant to hostile enchantments. (MR+) [potion of mutation]
  8012 | D:8      | Noticed a two-headed ogre
  8018 | D:8      | Killed a two-headed ogre
  8018 | D:8      | Reached skill level 10 in Long Blades
  8143 | D:9      | Reached XP level 10. HP: 88/91 MP: 10/10
  8300 | D:9      | Noticed Maurice
  8316 | D:9      | Killed Maurice
  8447 | D:9      | Found a staircase to the Orcish Mines.
  8456 | D:9      | Found a roughly hewn altar of Beogh.
  8538 | D:9      | Found a snail-covered altar of Cheibriados.
  8583 | D:10     | Entered Level 10 of the Dungeon
  8604 | D:10     | Reached skill level 11 in Long Blades
  8632 | D:10     | Reached ** piety under Ashenzari
  8674 | D:10     | Noticed Harold
  8675 | D:10     | Found a bloodstained altar of Trog.
  8684 | D:10     | Killed Harold
  8684 | D:10     | Reached skill level 10 in Fighting
  8690 | D:10     | Noticed Joseph
  8713 | D:10     | Killed Joseph
  8923 | D:10     | Reached skill level 12 in Long Blades
  8932 | D:10     | Reached XP level 11. HP: 84/101 MP: 9/11
  9056 | D:10     | Noticed a two-headed ogre
  9061 | D:10     | Killed a two-headed ogre
  9417 | D:10     | Found a staircase to the Lair.
  9690 | D:11     | Noticed Grum
  9693 | D:11     | Noticed a six-headed hydra
  9710 | D:11     | Killed Grum
  9816 | D:11     | Noticed an eight-headed hydra
  9816 | D:11     | Noticed a white ugly thing
 10044 | Lair:1   | Entered Level 1 of the Lair of Beasts
 10283 | Lair:1   | Found a stormy altar of Qazlal.
 10677 | Lair:1   | Reached *** piety under Ashenzari
 10692 | Lair:1   | Noticed a fire dragon
 10698 | Lair:1   | Identified a scroll of acquirement
 10717 | Lair:1   | Killed a fire dragon
 10717 | Lair:1   | Reached skill level 13 in Long Blades
 11582 | Lair:2   | Found a staircase to the Swamp.
 11633 | Lair:2   | Noticed a four-headed hydra
 11641 | Lair:2   | Killed a four-headed hydra
 11662 | Lair:2   | Reached XP level 12. HP: 110/111 MP: 10/12
 11768 | Lair:2   | Found a staircase to the Snake Pit.
 12864 | Lair:3   | Reached skill level 14 in Long Blades
 12883 | Lair:3   | Identified the Papyrus of Freezing Clay
 12888 | Lair:3   | Noticed a four-headed hydra
 13369 | Lair:3   | Noticed a five-headed hydra
 13461 | Lair:3   | HP: 1/112 [six-headed hydra (6)]
 13461 | Lair:3   | Slain by a six-headed hydra

Vault maps used:
D:1:      dpeg_arrival_concentric_ovals
D:2:      nicolae_tso_carved_into_rock
D:3:      gup_sewer_entry_bowl, minmay_misc_feat_enclosed
D:4:      yredelemnul_forgotten_temple_becter, first_bread, ashenzari_altar_1,
          uniq_edmund
D:5:      minmay_temple_entry_junction, minmay_shop_grid_forest
D:6:      nicolae_overflow_hidden_temple, serial_shops,
          nicolae_shop_behind_doors, nicolae_ru_awakened_eye, uniq_blork_the_orc
D:7:      kennysheep_little_box
D:8:      okawaru_gym_becter, uniq_psyche
D:9:      slow_altar_2, minmay_orc_entry_temple_small, uniq_maurice
D:10:     grunt_lair_entry_orc_guard_hut, basic_altar, david_nohive_1,
          eino_jars, uniq_harold, uniq_joseph
D:11:     serial_shops, shop, uniq_grum
Lair:1:   dragon1_lemuel, lemuel_centaur_altar
Lair:2:   minmay_swamp_entry_wisps, guppyfry_snake_entry_island,
          serial_bayou_shore_a, grunt_megastairs_2, lemuel_fruit_tree,
          infiniplex_staircase_pool_2, serial_bayou_shore_b
Sewer:    kennysheep_door_sewer

Skill      XL: |  1  2  3  4  5  6  7  8  9 10 11 12 |
---------------+-------------------------------------+-----
Dodging        | 1 2 3 5 6 7 9 |  9.5
Long Blades    | 2 3 4 5 6 8 10 12 13 14 | 14.3
Fighting       | 6 7 8 9 10 11 12 | 12.2
Axes           | |  2.0
Stealth        | |  1.0
Evocations     | |  1.1

Action                   |  1- 3 |  4- 6 |  7- 9 | 10-12 || total
-------------------------+-------+-------+-------+-------++-------
Melee: Falchion          |    90 |   144 |    26 |       ||   260
       Tailslap          |    11 |    16 |    27 |    77 ||   131
       Scimitar          |       |       |   121 |   348 ||   469
       Headbutt          |       |       |    20 |       ||    20
Invok: Curse Item        |       |       |     1 |       ||     1
 Abil: Fly               |       |     1 |       |       ||     1
       Breathe Steam     |       |       |     8 |    21 ||    29
Evoke: Wand              |       |       |       |     5 ||     5
  Use: Potion            |       |     5 |     2 |     2 ||     9
       Scroll            |       |       |    15 |     9 ||    24
 Stab: Sleeping          |       |     7 |     1 |     5 ||    13
       Distracted        |       |       |     1 |       ||     1
  Eat: Chunk             |     2 |     8 |    10 |    17 ||    37
       Royal jelly       |       |     1 |     1 |     2 ||     4
Armor: Skin              |    27 |    34 |    45 |    55 ||   161
Dodge: Dodged            |    55 |    91 |   110 |   320 ||   576
       Rpst.: Falchion   |    18 |    27 |     5 |       ||    50
       Scimitar          |       |       |    23 |    94 ||   117
